 Dungeon Crawl Stone Soup version 0.24.0-37-gcf1ca852f1 (webtiles) character file.

Game seed: 7989942028020938097, levelgen mode: deterministic

151 Iamsoldier the Cudgeler (level 5, 0/47 HPs)
             Began as a Gnoll Chaos Knight on Nov 25, 2019.
             Was a Plaything of Xom.
             Killed from afar by Robin (4 damage)
             ... with a puff of flame
             ... on level 3 of the Dungeon.
             The game lasted 00:06:49 (2096 turns).

Iamsoldier the Cudgeler (Gnoll Chaos Knight)        Turns: 2096, Time: 00:06:50

Health: 0/47       AC:  5    Str: 10 (13) XL:     5   Next: 33%
Magic:  7/7        EV: 12    Int: 11 (12) God:    Xom [.*....]
Gold:   185        SH:  0    Dex: 13 (15) Spells: 6/6 levels left

rFire    . . .     SeeInvis .   a - +2 mace (chaos)
rCold    . . .     Gourm    .   (no shield)
rNeg     . . .     Faith    .   b - +2 leather armour
rPois    .         Spirit   .   (no helmet)
rElec    .         Reflect  .   (no cloak)
rCorr    .         Harm     .   (no gloves)
MR       .....     Rnd*Tele +   (no boots)
Stlth    ++........             (no amulet)
HPRegen  0.15/turn              p - -2 ring of intelligence (curse)
MPRegen  0.10/turn              s - ring of teleportation (curse)

@: lethally poisoned (0 -> -3), cleaving
A: distributed training, fangs 1, blink, weak 1, strong nose
a: Blink, Renounce Religion


You were on level 3 of the Dungeon.
You worshipped Xom.
You were a plaything of Xom.
You were not hungry.

You visited 1 branch of the dungeon, and saw 3 of its levels.

You collected 185 gold pieces.

Inventory:

Hand Weapons
 a - a +2 mace of chaos (weapon)
Armour
 b - a +2 leather armour (worn)
 d - a +0 plate armour
Jewellery
 f - an uncursed ring of magical power {unknown}
 p - a cursed -2 ring of intelligence (left hand)
 s - a cursed ring of teleportation (right hand)
Scrolls
 e - 4 scrolls of identify
Potions
 h - a potion of degeneration
 i - a potion of lignification {unknown}
 l - a potion of haste
Comestibles
 c - 3 rations
 g - 2 chunks of flesh


   Skills:
 + Level 6.7 Fighting
 + Level 1.4 Short Blades
 + Level 1.4 Long Blades
 + Level 1.4 Axes
 + Level 6.7 Maces & Flails
 + Level 1.4 Polearms
 + Level 1.4 Staves
 + Level 1.4 Slings
 + Level 1.4 Bows
 + Level 1.4 Crossbows
 + Level 1.4 Throwing
 + Level 4.7 Armour
 + Level 2.9 Dodging
 + Level 1.4 Stealth
 + Level 1.4 Shields
 + Level 1.4 Unarmed Combat
 + Level 1.4 Spellcasting
 + Level 1.1 Conjurations
 + Level 1.1 Hexes
 + Level 1.1 Charms
 + Level 1.1 Summonings
 + Level 1.1 Necromancy
 + Level 1.1 Translocations
 + Level 1.1 Transmutations
 + Level 1.1 Fire Magic
 + Level 1.1 Ice Magic
 + Level 1.1 Air Magic
 + Level 1.1 Earth Magic
 + Level 1.1 Poison Magic
 + Level 1.6 Invocations
 + Level 1.4 Evocations


You had 6 spell levels left.
You didn't know any spells.
Your spell library was empty.

Dungeon Overview and Level Annotations

Branches:
Dungeon (3/15)

Altars:
Elyvilon

Annotations:
D:3 Robin


Innate Abilities, Weirdness & Mutations

Your experience applies equally to all skills.
You have very sharp teeth.
Your uncanny sense of smell can sniff out nearby items.
You can translocate small distances at will.
You are weak. (Str -2)


Message History

The hobgoblin misses you.
The goblin unwields a +0 hunting sling.
The goblin wields a +0 club.
The goblin closely misses you.
Things that are here:
a cursed -2 dagger; a goblin corpse A goblin comes into view.
It is wielding a +0 club.
The kobold throws a poisoned dart.
The poisoned dart hits you!
You are poisoned.
You see here a poisoned dart.
You feel sick.
Things that are here:
a stone; a poisoned dart You feel sick.
Xom grants you a minor favour.
Your +2 mace of chaos looks sharp.
You see here a stone.
The goblin unwields a +0 club.
The goblin wields a +0 hunting sling.
The goblin shoots a stone.
The stone hits you.
* * * LOW HITPOINT WARNING * * *
Robin zaps a wand.
The puff of flame hits you.
You die...

#........ ####...####
#......#.# #........[
#.g....#..# #.........
#...)..##.####.........
#..g.(.'....##.....÷[..
#...ggK###..##.........
#....((# #..##........(
#.....g####'##..<.....(
#.....@#...............
#.####÷...)....><......
#. #.........######## #
#...##..###
#...###.##########
.........#)...[....
.########.#......... #
#.#..##..##'
..#'######.)


You could see Robin, 3 hobgoblins, a goblin and a kobold.

Vanquished Creatures
  2 orc wizards (D:3)
  A gnoll (D:1)
  2 adders (D:3)
  An ooze (D:2)
  2 worms
  5 orcs (D:3)
  A ball python (D:3)
  7 bats
  4 giant cockroaches
  12 goblins
  3 hobgoblins
  2 jackals (D:3)
  7 kobolds
  A quokka (D:2)
  5 frilled lizards
  9 rats
64 creatures vanquished.

Notes
Turn   | Place    | Note
-------+----------+-------------------------------------------
     0 | D:1      | Iamsoldier the Gnoll Chaos Knight began the quest for the
                  | Orb.
     0 | D:1      | Reached XP level 1. HP: 23/23 MP: 1/1
    56 | D:1      | Reached XP level 2. HP: 26/29 MP: 2/2
   207 | D:1      | Reached XP level 3. HP: 35/35 MP: 3/3
   227 | D:1      | XOM: silly message
   331 | D:1      | XOM: harmless Hex miscast
   405 | D:1      | XOM: harmless Hex miscast
   928 | D:1      | XOM is BORED!
   928 | D:1      | XOM: harmless Hex miscast
  1096 | D:2      | XOM: harmless Summ miscast
  1118 | D:2      | XOM: harmless Tloc miscast
  1172 | D:2      | Reached skill level 1 in Invocations
  1255 | D:2      | Found a white marble altar of Elyvilon.
  1326 | D:2      | Reached skill level 1 in Short Blades
  1326 | D:2      | Reached skill level 1 in Long Blades
  1326 | D:2      | Reached skill level 1 in Axes
  1326 | D:2      | Reached skill level 1 in Polearms
  1326 | D:2      | Reached skill level 1 in Staves
  1326 | D:2      | Reached skill level 1 in Slings
  1326 | D:2      | Reached skill level 1 in Bows
  1326 | D:2      | Reached skill level 1 in Crossbows
  1326 | D:2      | Reached skill level 1 in Throwing
  1326 | D:2      | Reached skill level 1 in Stealth
  1326 | D:2      | Reached skill level 1 in Shields
  1326 | D:2      | Reached skill level 1 in Unarmed Combat
  1326 | D:2      | Reached skill level 1 in Spellcasting
  1326 | D:2      | Reached skill level 1 in Evocations
  1402 | D:2      | XOM: god gift: glowing agate ring {god gift}
  1551 | D:3      | XOM: potion effect (curing)
  1553 | D:3      | XOM: cleaving
  1556 | D:3      | Reached XP level 4. HP: 40/41 MP: 5/5
  1570 | D:3      | XOM: blink monster(s)
  1577 | D:3      | Reached skill level 1 in Conjurations
  1577 | D:3      | Reached skill level 1 in Hexes
  1577 | D:3      | Reached skill level 1 in Charms
  1577 | D:3      | Reached skill level 1 in Summonings
  1577 | D:3      | Reached skill level 1 in Necromancy
  1577 | D:3      | Reached skill level 1 in Translocations
  1577 | D:3      | Reached skill level 1 in Transmutations
  1577 | D:3      | Reached skill level 1 in Fire Magic
  1577 | D:3      | Reached skill level 1 in Ice Magic
  1577 | D:3      | Reached skill level 1 in Air Magic
  1577 | D:3      | Reached skill level 1 in Earth Magic
  1577 | D:3      | Reached skill level 1 in Poison Magic
  1612 | D:3      | HP: 2/41 [frilled lizard (1)]
  1613 | D:3      | Reached XP level 5. HP: 2/47 MP: 6/6
  1807 | D:3      | XOM: give mutations
  1807 | D:3      | Gained mutation: You are weak. (Str -2) [Xom's mischief]
  1807 | D:3      | Gained mutation: You can translocate small distances at
                  | will. [Xom's mischief]
  1940 | D:3      | XOM: medium Fire miscast
  1940 | D:3      | XOM: smoke on damage
  2088 | D:3      | Noticed Robin
  2095 | D:3      | XOM: cleaving
  2096 | D:3      | Killed from afar by Robin

Levels and vault maps discovered:
D:1:      erik_arrival_cave_to_civilisation [erik_arrival_cave_to_hall],
          layout_basic
D:2:      layout_rooms, elyvilon_altar_1
D:3:      minmay_chambers_of_twos, layout_basic, first_ration,
          serial_bayou_pond_e, kennysheep_flooded_box, uniq_robin

Skill      XL: |  1  2  3  4 |
---------------+-------------+-----
Invocations    | 1 |  1.6
Short Blades   | 1 |  1.4
Long Blades    | 1 |  1.4
Axes           | 1 |  1.4
Polearms       | 1 |  1.4
Staves         | 1 |  1.4
Slings         | 1 |  1.4
Bows           | 1 |  1.4
Crossbows      | 1 |  1.4
Throwing       | 1 |  1.4
Stealth        | 1 |  1.4
Shields        | 1 |  1.4
Unarmed Combat | 1 |  1.4
Spellcasting   | 1 |  1.4
Evocations     | 1 |  1.4
Conjurations   | 1 |  1.1
Hexes          | 1 |  1.1
Charms         | 1 |  1.1
Summonings     | 1 |  1.1
Necromancy     | 1 |  1.1
Translocations | 1 |  1.1
Transmutations | 1 |  1.1
Fire Magic     | 1 |  1.1
Ice Magic      | 1 |  1.1
Air Magic      | 1 |  1.1
Earth Magic    | 1 |  1.1
Poison Magic   | 1 |  1.1
Fighting       | |  6.7
Maces & Flails | |  6.7
Armour         | |  4.7
Dodging        | |  2.9

Action                   |  1- 3 |  4- 6 || total
-------------------------+-------+-------++-------
Melee: Mace              |    80 |    63 ||   143
       Bite              |     7 |     3 ||    10
  Use: Scroll            |    10 |     1 ||    11
       Potion            |       |     4 ||     4
 Stab: Sleeping          |       |     2 ||     2
  Eat: Chunk             |     2 |     2 ||     4
Armor: Leather armour    |    27 |    19 ||    46
Dodge: Dodged            |    66 |    38 ||   104
